Map: Acropolis LE

Players

Elazer

  • Race: Zerg Zerg
  • Spawn Location: 11:00

Trap - Winner!

  • Race: Protoss Protoss
  • Spawn Location: 5:00

Event: 2019 WCS Global FInals

VOD

Have the link to the VOD?

Description

Time

  • Played on: Oct. 27, 2019, 5:13 a.m.
  • Length: 9:06

All games in this series

Show
View Real Time Build Order
Export as new Build Order

Elazer Zerg 

Build Orders: Hatch First 

Get SALT Encoding   

  12  0:00  Drone  
  13  0:12  Overlord  
  13  0:16  Drone  
  14  0:30  Drone x2  
  16  0:46  Hatchery  
  15  0:50  Drone  
  15  0:54  Drone  
  17  0:57  Drone  
  18  1:08  Extractor  
  17  1:12  Spawning Pool  
  17  1:16  Drone  
  17  1:19  Drone  
  18  1:27  Drone  
  19  1:38  Drone  
  20  1:49  Drone  
  21  1:59  Zergling x2, Queen x2  
  21  2:00  Overlord  
  26  2:10  Zergling x2  
  26  2:11  Drone  
  28  2:20  Drone  
  28  2:21  Drone  
  30  2:26  Hatchery  
  29  2:31  Drone  
  29  2:32  Drone  
  31  2:39  Queen  
  33  2:44  Metabolic Boost  
  33  2:48  Overlord  
  33  2:53  Drone x2  
  33  2:55  Drone  
  36  3:04  Overlord  
  36  3:08  Drone x2  
  36  3:09  Drone x2  
  36  3:11  Drone  
  41  3:13  Drone  
  41  3:18  Queen  
  44  3:23  Overlord  
  44  3:25  Drone  
  45  3:27  Drone  
  45  3:29  Drone  
  45  3:31  Drone  
  48  3:38  Drone  
  49  3:42  Overlord  
  49  3:44  Spore Crawler, Drone x2  
  49  3:45  Spore Crawler  
  49  3:48  Spore Crawler, Drone  
  48  3:51  Drone x2  
  48  3:54  Zergling x2  
  48  3:55  Zergling x2  
  53  3:57  Zergling x2  
  53  4:02  Queen  
  56  4:04  Overlord  
  56  4:05  Drone  
  56  4:07  Drone  
  58  4:10  Drone  
  58  4:11  Drone  
  58  4:12  Drone  
  58  4:15  Overlord  
  58  4:16  Drone  
  62  4:18  Drone  
  62  4:23  Overlord  
  63  4:24  Drone x3  
  66  4:31  Overlord  
  66  4:32  Drone x4  
  66  4:36  Lair  
  70  4:39  Drone  
  71  4:45  Extractor  
  71  4:46  Drone x3  
  71  4:47  Roach Warren, Extractor  
  71  4:52  Overlord  
  71  4:56  Overlord  
  71  4:59  Drone x5  
  75  5:01  Overlord  
  75  5:02  Drone  
  75  5:04  Evolution Chamber  
  75  5:05  Extractor  
  75  5:06  Extractor  
  73  5:08  Overlord  
  73  5:12  Zergling x10  
  78  5:16  Overlord  
  78  5:20  Drone  
  79  5:23  Queen x2  
  79  5:27  Spore Crawler, Overlord  
  83  5:29  Spore Crawler, Drone x3  
  83  5:31  Zerg Melee Weapons Level 1  
  84  5:35  Hydralisk Den  
  84  5:36  Overlord  
  84  5:37  Drone  
  84  5:40  Drone x3  
  87  5:43  Overlord  
  87  5:44  Drone  
  87  5:45  Extractor  
  87  5:46  Drone  
  87  5:49  Queen  
  90  5:51  Drone x2  
  90  5:53  Drone  
  90  5:55  Drone x2  
  95  5:59  Overlord  
  95  6:01  Spore Crawler  
  96  6:06  Overlord  
  96  6:07  Muscular Augments  
  96  6:08  Hydralisk x2  
  96  6:11  Hydralisk  
  99  6:13  Hydralisk x2  
  105  6:27  Hydralisk x3  
  105  6:29  Hatchery  
  108  6:34  Drone x3  
  108  6:38  Hydralisk x6  
  123  6:41  Pneumatized Carapace  
  123  6:42  Overseer  
  123  6:47  Hydralisk x2  
  123  6:50  Overlord  
  127  6:54  Overlord  
  127  6:56  Hydralisk x3  
  133  7:02  Baneling Nest  
  133  7:04  Drone x3  
  133  7:07  Drone  
  133  7:08  Drone  
  130  7:11  Overlord  
  130  7:14  Drone x3  
  132  7:16  Hydralisk  
  132  7:19  Zergling x4, Grooved Spines  
  132  7:21  Zergling x2  
  132  7:22  Zergling x4  
  136  7:25  Zergling x4  
  136  7:29  Overlord  
  136  7:37  Overlord  
  136  7:38  Hydralisk x2  
  136  7:39  Hydralisk x3  
  145  7:44  Zergling x2  
  145  7:46  Baneling x14  
  146  7:55  Zergling x10  
  143  8:00  Zergling x6  
  143  8:01  Queen  
  143  8:05  Hydralisk x3  
  142  8:08  Zergling x6  
  141  8:13  Hydralisk x3  
  141  8:17  Zergling x2  
  141  8:18  Zergling x2  
  142  8:22  Zergling x2  
  114  8:27  Hydralisk  
  114  8:28  Hydralisk  
  114  8:31  Zergling x10  
  114  8:32  Zergling x2  
  114  8:34  Zergling x2  
  98  8:40  Hydralisk  
  98  8:41  Hydralisk  
  79  8:46  Zergling x2  
Show
View Real Time Build Order
Export as new Build Order

Trap Protoss - Winner!

Build Orders: 1 Gate Expand, Oracle Opening, Phoenix Opening, Mass Phoenix 

Get SALT Encoding   

  12  0:00  Probe  
  13  0:13  Probe  
  14  0:18  Pylon  
  14  0:25  Probe (Chrono Boost)  
  15  0:37  Probe (Chrono Boost)  
  16  0:45  Gateway, Probe (Chrono Boost)  
  16  0:49  Assimilator  
  17  0:51  Probe  
  18  1:03  Probe  
  19  1:16  Probe  
  20  1:26  Nexus  
  20  1:28  Probe  
  21  1:37  Cybernetics Core  
  21  1:40  Probe  
  21  1:46  Assimilator  
  22  1:51  Pylon  
  22  1:54  Probe  
  23  2:09  Probe (Chrono Boost)  
  23  2:13  Adept  
  26  2:19  Stargate  
  26  2:21  Probe (Chrono Boost)  
  27  2:26  Warp Gate, Probe (Chrono Boost)  
  29  2:38  Probe (Chrono Boost)  
  29  2:40  Probe (Chrono Boost)  
  29  2:43  Adept  
  32  2:48  Probe (Chrono Boost)  
  32  2:50  Probe (Chrono Boost)  
  34  2:53  Probe (Chrono Boost)  
  35  3:00  Probe  
  35  3:01  Phoenix (Chrono Boost)  
  35  3:04  Probe  
  39  3:10  Pylon  
  39  3:12  Probe  
  40  3:16  Oracle (Chrono Boost), Probe  
  44  3:24  Gateway, Probe  
  45  3:29  Probe  
  45  3:33  Assimilator  
  46  3:34  Assimilator  
  46  3:36  Probe  
  46  3:41  Probe  
  48  3:43  Pylon  
  48  3:48  Stargate, Probe  
  48  3:51  Pylon  
  48  3:53  Probe  
  50  4:01  Phoenix  
  50  4:02  Probe  
  53  4:05  Probe  
  54  4:14  Probe  
  55  4:17  Probe  
  55  4:18  Adept x2  
  60  4:26  Phoenix (Chrono Boost)  
  62  4:32  Nexus  
  62  4:36  Phoenix (Chrono Boost)  
  64  4:44  Pylon  
  64  4:45  Pylon  
  64  4:49  Phoenix (Chrono Boost)  
  66  4:56  Probe x2  
  66  4:57  Phoenix (Chrono Boost)  
  70  5:03  Forge  
  70  5:08  Phoenix  
  72  5:15  Probe  
  72  5:16  Phoenix, Probe  
  76  5:24  Twilight Council  
  76  5:29  Robotics Facility, Probe, Shield Battery  
  76  5:31  Probe  
  78  5:41  Protoss Ground Weapons Level 1  
  79  5:44  Probe (Chrono Boost)  
  79  5:45  Probe (Chrono Boost)  
  79  5:46  Probe (Chrono Boost)  
  81  5:53  Sentry  
  81  5:54  Probe (Chrono Boost), Sentry  
  81  5:55  Probe (Chrono Boost)  
  81  5:56  Gateway  
  88  5:57  Probe (Chrono Boost)  
  88  5:59  Probe (Chrono Boost)  
  88  6:02  Gateway  
  89  6:04  Gateway  
  89  6:05  Probe x2  
  89  6:07  Blink (Chrono Boost)  
  89  6:10  Probe  
  92  6:15  Warp Prism (Chrono Boost)  
  92  6:18  Assimilator  
  92  6:23  Sentry x2  
  98  6:29  Gateway  
  98  6:30  Gateway  
  98  6:32  Gateway  
  98  6:35  Pylon  
  98  6:36  Pylon  
  99  6:40  Probe x2  
  99  6:41  Gateway, Probe  
  101  6:54  Sentry x3  
  105  6:56  Pylon  
  105  6:58  Pylon, Zealot x2  
  111  7:10  Photon Cannon  
  111  7:27  Stalker x8  
  127  7:30  Pylon  
  127  7:31  Pylon  
  127  7:33  Pylon  
  127  7:43  Stalker  
  129  7:52  Stalker x8  
  143  8:10  Stalker  
  141  8:15  Stalker x5  
  147  8:22  Stalker x2  
  135  8:33  Stalker  
  117  8:40  Stalker x3  
  117  8:41  Stalker  
  119  8:44  Zealot x2  
  119  8:46  Zealot x2  
Tags
 
Add a new tag
Caveats
  • Supply blocks, unpowered buildings, or Contaminate may cause inaccurate times.
  • Supply counts are checked every 10 seconds.